 Dungeon Sprint DCSS version 0.32-a0-768-g0f6f1dd4b9 (webtiles) character file.

Game seed: 7850885072142302668

7 Elsrick the Trooper (level 1, -3/18 HPs)
             Began as a Demonspawn Fighter on Mar 18, 2024.
             Splashed by a jelly's acid (8 damage)
             ... in the Dungeon (Sprint IX: "|||||||||||||||||||||||||||||").
             The game lasted 00:00:09 (35 turns).

Elsrick the Trooper (Demonspawn Fighter)              Turns: 35, Time: 00:00:11

Health: -3/18      AC:  2    Str: 16    XL:     1   Next: 91%
Magic:  1/1        EV:  7    Int:  8    God:
Gold:   0          SH:  4    Dex: 12    Spells: 0/0 levels left

rFire   . . .        a - +0 trident
rCold   . . .        c - +0 buckler
rNeg    . . .        b - +0 scale mail
rPois   .            (no helmet)
rElec   .            (no cloak)
rCorr   .            (no gloves)
SInv    .            (no boots)
Will    .....        (no amulet) Stlth
                     (no ring)
HPRegen 0.23/turn    (no ring)
MPRegen 0.07/turn

%: no teleportation
@: corroded
A: no striking features
a: no special abilities


You were in the Dungeon.
You visited 1 branch

Inventory:

Hand Weapons
 a - a +0 trident (weapon)
Armour
 b - a +0 scale mail (worn)
 c - a +0 buckler (worn)
Scrolls
 j - a scroll of blinking
Potions
 d - a potion of might
 e - a potion of curing
 f - a potion of heal wounds
 g - a potion of haste
 h - 2 potions of magic
 i - a potion of berserk rage


   Skills:
 + Level 3.4 Fighting
 + Level 2.2 Polearms
 + Level 3.3 Armour
 + Level 3.3 Shields


You couldn't memorise any spells.
You didn't know any spells.
Your spell library was empty.

Dungeon Overview and Level Annotations

Branches:
Dungeon (1/1)

Altars:


Message History

Your Shields skill increases to level 3!
You hit the endoplasm.
The endoplasm is severely wounded.
The endoplasm completely misses you.
You hit the endoplasm.
You kill the endoplasm!
You puncture the kobold!
You kill the kobold!
The ball python barely misses you. x2
You barely miss the ball python. The ball python barely misses you.
The ball python grabs you. The ball python constricts you.
You puncture the ball python!
You kill the ball python!
There is an open door to the Dungeon, spattered with blood here.
Things that are here:
a +0 dagger; a kobold corpse You start resting.
HP restored.
You open the door.
An orc, a jelly, an adder, a black bear and a scorpion come into view.
The orc shouts!
The jelly quivers.
The adder hisses angrily.
The black bear growls angrily.
You hit the orc but do no damage. The orc hits you with a +0 whip.
You hit the orc but do no damage. The orc hits you but does no damage.
The orc barely misses you.
You hit the orc but do no damage. The orc hits you but does no damage.
You hit the orc but do no damage. The orc hits you with a +0 whip.
You barely miss the orc. The orc hits you with a +0 whip.
You closely miss the orc. The orc closely misses you.
The orc hits you with a +0 whip.
You puncture the orc!
You kill the orc!
You hit the jelly.
Your hands burn!
The jelly is lightly wounded.
The jelly jiggles.
The jelly hits you.
* * * LOW HITPOINT WARNING * * *
The acid corrodes you!
You are splashed with acid!
You die...

▓.▓
▓.▓
▓.▓
▓)▓
▓.▓
▓.▓
▓.▓
▓.▓
▓@▓
▓J▓
▓S▓
▓h▓
▓.▓
▓s▓
▓.▓
▓+▓


You could see a black bear, a scorpion, a jelly and an adder.

Vanquished Creatures
  An orc (D)
  2 endoplasms (D)
  A quokka (D)
  A ball python (D)
  A kobold (D)
6 creatures vanquished.

Notes
Turn   | Place    | Note
-------+----------+-------------------------------------------
     0 | D        | Elsrick the Demonspawn Fighter began the quest for the Orb.
     0 | D        | Reached XP level 1. HP: 18/18 MP: 1/1
    27 | D        | Noticed a jelly
    27 | D        | Noticed a black bear
    27 | D        | Noticed a scorpion
    35 | D        | Splashed by a jelly's acid

Illustrated notes

Levels and vault maps discovered:
D:        linesprint [early_d, line_temple, items_1, d_10, items_2, lair_1,
          lair_end, items_3, orc_1, orc_end, items_4, d_15, swamp_1, shoals_1,
          snake_1, spider_1, d_20, vaults_1, items_5, swamp_end, shoals_end,
          snake_end, spider_end, vaults_end, d_27, items_6, zot_1, zot_end,
          crypt_end, forest_end, elf_end, slime_end, tomb_end, abyss_end,
          pan_hell_end]

Skill      XL: |  1 |
---------------+----+-----
Polearms       | 2 |  2.2
Armour         | 3 |  3.3
Shields        | 3 |  3.3
Fighting       | |  3.4

Action                     || total
---------------------------++-------
  Melee: Trident           ||    23
 Armour: Scale mail        ||    15
  Dodge: Dodged            ||    11

Table legend: (Time is in decaauts)
 A = Elapsed time spent in this place.
 B = Non-inter-level travel time spent in this place.
 C = Inter-level travel time spent in this place.
 D = Time resting spent in this place.
 E = Time spent auto-exploring this place.
 F = Levels seen in this place.
 G = Mean time per level.
                   A        B        C        D        E       F      G
               +--------+--------+--------+--------+--------+-----+--------+
         Total |     40 |     40 |      0 |      2 |      0 |   1 |   40.0 |
       Dungeon |     40 |     40 |      0 |      2 |      0 |   1 |   40.0 |
               +--------+--------+--------+--------+--------+-----+--------+

Top non-repeatable levels by time:
       D: 40 daAuts
